Map: Odyssey LE

Players

PtitDrogo

  • Race: Protoss Protoss
  • Spawn Location: 5:00

TRUE - Winner!

  • Race: Zerg Zerg
  • Spawn Location: 11:00

Event: WCS Valencia 2017

VOD

Have the link to the VOD?

Description

Time

  • Played on: July 14, 2017, 6:47 a.m.
  • Length: 16:05

All games in this series

Show
View Real Time Build Order
Export as new Build Order

PtitDrogo Protoss 

Build Orders: 1 Gate Expand, Oracle Opening, Zealot Archon 

Get SALT Encoding   

  12  0:00  Probe (Chrono Boost)  
  13  0:11  Probe (Chrono Boost)  
  14  0:19  Pylon  
  14  0:22  Probe (Chrono Boost)  
  15  0:37  Probe (Chrono Boost)  
  15  0:40  Gateway  
  16  0:48  Probe (Chrono Boost)  
  16  0:49  Assimilator  
  17  0:58  Probe (Chrono Boost)  
  18  1:09  Probe (Chrono Boost)  
  19  1:20  Nexus  
  19  1:23  Probe (Chrono Boost)  
  20  1:32  Cybernetics Core  
  20  1:36  Probe (Chrono Boost)  
  21  1:42  Assimilator  
  21  1:47  Probe (Chrono Boost)  
  21  1:52  Pylon  
  22  1:58  Probe (Chrono Boost)  
  23  2:10  Probe, Adept (Chrono Boost)  
  26  2:22  Probe  
  27  2:24  Stargate  
  27  2:31  Probe  
  27  2:32  Warp Gate  
  27  2:34  Probe  
  27  2:37  Adept (Chrono Boost)  
  31  2:42  Probe  
  32  2:46  Probe  
  33  2:52  Probe  
  34  2:58  Probe  
  34  3:00  Adept (Chrono Boost)  
  34  3:03  Probe  
  34  3:04  Pylon  
  38  3:11  Probe  
  39  3:13  Probe  
  39  3:17  Oracle (Chrono Boost)  
  43  3:22  Gateway  
  43  3:23  Probe  
  43  3:24  Probe  
  45  3:35  Probe x2  
  47  3:45  Probe  
  47  3:47  Probe  
  52  3:48  Oracle (Chrono Boost)  
  52  3:51  Nexus  
  52  3:57  Mothership Core  
  52  3:58  Pylon  
  52  4:02  Pylon  
  54  4:10  Assimilator  
  54  4:13  Assimilator  
  54  4:15  Pylon  
  54  4:16  Probe  
  55  4:17  Probe  
  55  4:22  Phoenix (Chrono Boost)  
  58  4:28  Probe x2 (Chrono Boost)  
  60  4:38  Twilight Council  
  60  4:39  Forge  
  60  4:40  Probe x2 (Chrono Boost)  
  60  4:44  Robotics Facility  
  62  4:50  Probe x2 (Chrono Boost)  
  64  4:57  Sentry  
  66  5:01  Probe x2 (Chrono Boost), Gateway  
  66  5:04  Probe (Chrono Boost)  
  69  5:11  Probe x2 (Chrono Boost)  
  69  5:13  Charge, Protoss Ground Weapons Level 1 (Chrono Boost)  
  71  5:14  Probe (Chrono Boost)  
  69  5:24  Probe (Chrono Boost)  
  69  5:27  Probe  
  69  5:28  Probe  
  72  5:30  Gateway  
  72  5:32  Gateway  
  72  5:35  Probe  
  72  5:37  Gateway  
  72  5:38  Gateway  
  72  5:39  Gateway, Warp Prism (Chrono Boost)  
  72  5:40  Probe  
  76  5:44  Pylon  
  76  5:45  Sentry  
  78  5:50  Probe x2  
  78  5:52  Probe  
  78  5:54  Templar Archives  
  81  5:58  Assimilator  
  81  5:59  Assimilator  
  81  6:02  Pylon, Probe x2  
  81  6:03  Pylon  
  83  6:04  Probe  
  83  6:07  Sentry  
  83  6:08  Pylon  
  86  6:14  Probe  
  86  6:15  Probe  
  86  6:18  Zealot x2  
  92  6:23  Probe  
  92  6:27  Probe  
  90  6:33  Pylon  
  90  6:35  Pylon, Immortal (Chrono Boost)  
  87  6:50  Protoss Ground Weapons Level 2  
  87  6:53  Zealot x8  
  86  6:54  Probe  
  86  6:55  Probe x2  
  89  7:06  Probe  
  89  7:07  Probe x2  
  90  7:09  Immortal (Chrono Boost)  
  80  7:19  Probe x3, High Templar x2  
  80  7:20  Zealot, High Templar x2  
  80  7:21  Pylon  
  93  7:23  Pylon  
  93  7:24  Archon x2  
  93  7:25  Photon Cannon  
  93  7:31  Probe x3  
  93  7:36  Zealot x2  
  100  7:43  Probe, Pylon  
  101  7:49  Zealot x2, Photon Cannon  
  99  7:56  Zealot  
  99  7:57  Zealot x5  
  90  8:10  Zealot x2  
  90  8:12  Immortal (Chrono Boost)  
  96  8:13  Mothership Core  
  96  8:18  Zealot x5  
  93  8:32  High Templar x2  
  93  8:33  Zealot  
  99  8:36  Archon  
  99  8:38  High Templar x2  
  99  8:39  Zealot, High Templar x2  
  108  8:43  Archon x2  
  108  8:46  Immortal (Chrono Boost)  
  98  8:59  Zealot  
  84  9:05  Zealot x3  
  80  9:11  Zealot x3  
Show
View Real Time Build Order
Export as new Build Order

TRUE Zerg - Winner!

Build Orders: Hatch First 

Get SALT Encoding   

  12  0:00  Drone  
  13  0:12  Overlord  
  13  0:16  Drone  
  14  0:30  Drone  
  14  0:31  Drone  
  16  0:48  Hatchery  
  15  0:52  Drone  
  15  0:55  Drone  
  17  1:09  Spawning Pool  
  16  1:13  Extractor  
  16  1:15  Drone  
  16  1:18  Drone  
  16  1:22  Drone  
  18  1:28  Drone  
  19  1:38  Overlord  
  19  1:53  Drone  
  20  1:56  Queen  
  20  1:59  Drone  
  20  2:00  Queen  
  25  2:04  Drone  
  26  2:10  Drone  
  26  2:14  Metabolic Boost  
  27  2:17  Drone  
  28  2:23  Zergling x2, Drone  
  30  2:32  Drone  
  31  2:42  Hatchery  
  30  2:47  Queen  
  32  2:53  Overlord  
  32  2:54  Drone  
  32  2:58  Drone  
  34  2:59  Drone  
  34  3:01  Drone  
  36  3:13  Spore Crawler  
  36  3:14  Spore Crawler  
  36  3:15  Drone x3  
  36  3:19  Drone x4  
  43  3:21  Drone  
  43  3:25  Overlord  
  44  3:30  Evolution Chamber  
  43  3:35  Drone  
  44  3:43  Queen x2  
  48  3:50  Overlord  
  48  3:56  Zergling x2  
  48  3:57  Zerg Melee Weapons Level 1, Zergling x4  
  48  3:58  Queen  
  48  3:59  Zergling x2  
  48  4:01  Zergling x2  
  48  4:02  Drone  
  56  4:03  Drone  
  56  4:05  Drone  
  56  4:08  Drone  
  56  4:09  Drone  
  61  4:10  Drone x2  
  61  4:12  Drone  
  61  4:14  Drone  
  64  4:22  Drone x2  
  66  4:27  Extractor  
  66  4:28  Extractor  
  66  4:29  Drone  
  66  4:30  Drone  
  66  4:31  Overlord  
  66  4:34  Overlord  
  66  4:37  Overlord  
  66  4:40  Extractor, Overlord  
  66  4:43  Drone  
  66  4:45  Overlord  
  66  4:50  Lair  
  66  4:51  Drone x4  
  70  4:54  Overlord  
  70  4:55  Drone  
  70  4:56  Drone  
  70  4:57  Drone  
  70  4:58  Drone  
  74  5:01  Extractor  
  74  5:06  Drone  
  74  5:09  Drone x4  
  74  5:25  Zergling x14  
  80  5:30  Drone x3  
  80  5:31  Drone x2  
  85  5:36  Zergling x2  
  85  5:38  Zergling x6  
  85  5:41  Zergling x2  
  85  5:42  Hatchery, Zergling x2  
  90  5:49  Hydralisk Den  
  89  5:51  Drone  
  89  5:52  Zerg Missile Weapons Level 1  
  89  5:54  Zergling x4  
  92  6:01  Queen  
  92  6:02  Overlord x3  
  94  6:05  Zergling x2  
  94  6:06  Zergling x6  
  94  6:07  Zergling x4  
  94  6:08  Zergling x4  
  94  6:09  Zergling x2  
  103  6:12  Zergling x2  
  100  6:27  Muscular Augments  
  100  6:32  Hydralisk x5  
  109  6:33  Hydralisk x2  
  109  6:34  Hydralisk x3  
  109  6:36  Hydralisk  
  121  6:42  Hydralisk  
  121  6:44  Hydralisk  
  121  6:48  Hydralisk  
  121  6:51  Hydralisk  
  121  6:53  Hydralisk  
  121  6:55  Hydralisk x2  
  121  6:56  Hydralisk  
  121  7:00  Zergling x4  
  128  7:05  Zergling x2  
  128  7:06  Zergling x2  
  119  7:16  Hydralisk x4  
  127  7:26  Overlord  
  127  7:27  Overlord  
  127  7:29  Overlord  
  127  7:30  Overlord  
  127  7:33  Overlord  
  127  7:36  Zergling x2  
  126  7:38  Zergling x2  
  126  7:40  Overlord x2  
  127  7:44  Hydralisk x2  
  127  7:45  Hydralisk  
  127  7:46  Hydralisk x2  
  127  7:47  Hydralisk  
  137  7:53  Hydralisk  
  137  7:54  Hydralisk x2  
  137  7:55  Hydralisk  
  137  7:56  Hydralisk  
  131  7:58  Hydralisk  
  131  8:01  Hydralisk  
  131  8:03  Hydralisk  
  131  8:05  Hydralisk  
  127  8:09  Hydralisk  
  127  8:10  Zergling x6  
  128  8:12  Hydralisk  
  128  8:14  Hydralisk  
  124  8:20  Hydralisk  
  124  8:21  Hydralisk x2  
  124  8:24  Hydralisk x2  
  134  8:28  Hydralisk  
  134  8:29  Hydralisk  
  134  8:32  Zergling x4  
  134  8:33  Zergling x2  
  137  8:34  Zergling x2  
  137  8:35  Zergling x2  
  137  8:36  Zergling x2  
  137  8:37  Zergling x2  
  137  8:38  Zergling x2  
  137  8:39  Zergling x2  
  143  8:41  Hydralisk  
  143  8:43  Hydralisk  
  143  8:45  Hydralisk  
  149  8:51  Hydralisk  
  149  8:53  Hydralisk  
  149  8:55  Hydralisk  
  139  8:56  Hydralisk  
  139  8:59  Hydralisk  
  139  9:02  Hydralisk  
  134  9:05  Hydralisk  
  134  9:08  Hydralisk  
  129  9:12  Hydralisk  
  129  9:16  Hydralisk  
Tags
 
Add a new tag
Caveats
  • Supply blocks, unpowered buildings, or Contaminate may cause inaccurate times.
  • Supply counts are checked every 10 seconds.